AoeStats
← REDFIRE36

Arabia

510323733Analyzed
2v2 RM · 6h ago on Sep 30, 2026· 21m 47s· 4 players
Game mode
Random Map
Map size
Medium (4 player)
Population
200
Speed
Normal
Resources
Standard
Victory
Conquest
Starting age
Dark Age
Ending age
Imperial Age
RankedLock teamsTeams togetherTeam positionsShared explorationLock speedFull tech treeHidden civsTurbo modeCheats
Victory
Defeat
🇧🇪 Varangians · Belgium
1259
+16
🇧🇪 Ethiopians · Belgium
1235
+17
🇻🇳 Berbers · Vietnam
1272
-18
🇫🇷 Wei · France
1227
-15
Hamidouche
7:08 Loom
9:48 Feudal Age
10:32 Double-Bit Axe
14:16 Padded Archer Armor
16:15 Fletching
MemeManVai
6:05 Loom
9:01 Feudal Age
11:07 Double-Bit Axe
15:22 Wheelbarrow
16:08 Horse Collar
18:55 Scale Barding Armor
19:49 Forging
Best Overtime 12
7:03 Loom
9:10 Feudal Age
10:06 Double-Bit Axe
16:31 Bloodlines
18:20 Scale Barding Armor
18:15 Horse Collar
20:40 Wheelbarrow
21:14 Forging
REDFIRE36
6:03 Loom
9:29 Feudal Age
11:45 Fletching
Connection lost

Rejoining the realm…

Still unreachable

The connection could not be restored.

Session expired

The server has moved on; the page needs a fresh start.